 Dungeon Crawl Stone Soup version 0.14-a0-2592-g262d02f (webtiles) character file.

248 MackTheKnife the Magician (level 5, -3/38 HPs)
             Began as a Draconian Wizard on Feb 12, 2014.
             Killed by divine providence
             ... invoked by an orc priest
              (13 damage)
             ... on Level 3 of the Dungeon.
             The game lasted 00:06:17 (3370 turns).

MackTheKnife the Magician (Draconian Wizard)        Turns: 3370, Time: 00:06:18

HP  -3/38        AC  6     Str 10      XL: 5   Next:  7%
MP   1/13        EV 17     Int 19      God:
Gold 101         SH  0     Dex  9      Spells:  4 memorised,  3 levels left

rFire  . . .     SeeInvis .     k - +1,+0 elf whip (freeze)
rCold  . . .     Clarity  .     (armour unavailable)
rNeg   . . .     Conserve .     (no shield)
rPois  .         rCorr    .     b - +0 hat
rElec  .         rRot     .     (no cloak)
SustAb . .       Spirit   .     m - +0 pair of gloves
rMut   .         Warding  .     (no boots)
Saprov . . .     Stasis   .     (no amulet)
MR     +....                    n - ring of protection from magic
                                f - +5 ring of evasion

@: very slightly contaminated, somewhat resistant to hostile enchantments,
unstealthy
A: unfitting armour, AC +5
a: no special abilities


You were on level 3 of the Dungeon.
You were hungry.

You visited 1 branch of the dungeon, and saw 3 of its levels.

You collected 101 gold pieces.


   Skills:
 - Level 1.7 Dodging
 - Level 1.7 Stealth
 + Level 4.3 Spellcasting
 + Level 3.3 Conjurations
 - Level 1.3 Summonings
   Level 1.0 Translocations


You had 3 spell levels left.
You knew the following spells:

 Your Spells              Type           Power        Failure   Level  Hunger
c - Mephitic Cloud        Conj/Pois/Air  #.......     28%         3    ###....
d - Conjure Flame         Conj/Fire      ##......     21%         3    ###....
x - Call Imp              Summ           #.........   14%         2    #......
z - Magic Dart            Conj           ###.         4%          1    None

Inventory:

Hand weapons
 k - a +1,+0 elven whip of freezing (weapon)
 t - a -1,+2 orcish morningstar of holy wrath
Armour
 b - a +0 hat (worn)
 m - a +0 pair of gloves (worn)
Comestibles
 d - 4 bread rations
 g - a choko
Scrolls
 a - 2 scrolls of fog
 h - a scroll of magic mapping
 o - a scroll of curse weapon {unknown}
 q - a scroll of teleportation {unknown}
 r - a scroll of remove curse {unknown}
 u - a scroll of curse armour {unknown}
Jewellery
 f - a +5 ring of evasion (left hand)
 n - a ring of protection from magic (right hand)
Potions
 e - a potion of paralysis {unknown}
 i - a potion of brilliance {unknown}
 j - a potion of mutation {unknown}
 l - a potion of restore abilities {unknown}
 p - a potion of speed {unknown}
 s - a potion of resistance {unknown}
Books
 c - a book of Minor Magic

   Spells                             Type                      Level
   *Magic Dart                        Conjuration                  1
   Blink                              Translocation                2
   *Call Imp                          Summoning                    2
   Repel Missiles                     Charms/Air                   2
   Slow                               Hexes                        2
   *Conjure Flame                     Conjuration/Fire             3
   *Mephitic Cloud                    Conjuration/Poison/Air       3

▒···············^··
▒················▒▒
▒················▒
▒··············[·▒
▒···········%····▒
▒················▒
▒·>········▒▒▒▒··▒
▒··········▒ ▒··▒
▒·d▒▒▒▒▒▒··▒ ▒··▒
▒··▒ ▒··▒ ▒··▒ ▒··▒
▒··▒ ▒··▒ ▒··▒ ▒··▒
▒··▒ ▒··▒ ▒··▒ ▒··
▒··▒ ▒··▒ ▒··▒ ··▒
▒·o▒▒ ▒·o·▒


You could see an orc priest and an orc.


Message History

The magic dart hits something.
The orc priest prays to Beogh.
You feel a wave of unholy energy pass over you.
Aiming: Magic Dart
Aim: an orc priest wearing an orcish ring mail The magic dart hits something.
Aiming: Magic Dart
Aim: an orc priest wearing an orcish ring mail The magic dart hits something.
Something drops an orcish dagger.
Something picks up an orcish morningstar.
An orc comes into view. It is wielding an orcish hand axe.
Aiming: Magic Dart
Aim: an orc priest wearing an orcish ring mail The magic dart hits something.
You don't have enough magic to cast that spell.
You don't know that spell.
The orc priest picks up an orcish dagger.
The orc priest wields an orcish dagger.
The orc priest invokes the aid of Beogh against you.
The orc priest unwields an uncursed orcish dagger.
The orc priest drops an uncursed orcish dagger.
The orc priest picks up an orcish mace.
The orc priest wields an orcish mace.
The orc priest invokes the aid of Beogh against you.
Something smites you!
* * * LOW HITPOINT WARNING * * *
The magic dart hits you!
* * * LOW HITPOINT WARNING * * *
The orc priest mumbles some strange prayers to Beogh against you.
Something smites you!
You die...

Action                   |  1- 3 |  4- 6 || total
-------------------------+-------+-------++-------
Melee: Unarmed           |    31 |       ||    31
       Whip              |    85 |    64 ||   149
       Dagger            |    10 |       ||    10
       Club              |     5 |       ||     5
       Morningstar       |       |     1 ||     1
 Cast: Magic Dart        |    49 |    33 ||    82
       Call Imp          |     2 |       ||     2
       Conjure Flame     |       |     1 ||     1
  Use: Scroll            |     5 |     2 ||     7
 Stab: Sleeping          |     1 |     1 ||     2

Vault maps used:
D:1:      ldierk_walled_garden, minmay_misc_feat_encased
D:2:      nemelex_deck, first_bread
D:3:      uniq_crazy_yiuf_cottage

Notes
Turn   | Place    | Note
--------------------------------------------------------------
     0 | D:1      | MackTheKnife, the Draconian Wizard, began the quest for the Orb.
     0 | D:1      | Reached XP level 1. HP: 14/14 MP: 4/4
   407 | D:1      | Reached XP level 2. HP: 10/20 MP: 0/6
   984 | D:1      | Reached skill level 2 in Conjurations
  1056 | D:1      | Learned a level 2 spell: Call Imp
  1169 | D:1      | Reached XP level 3. HP: 19/26 MP: 5/8
  1633 | D:2      | Learned a level 3 spell: Conjure Flame
  1637 | D:2      | Learned a level 3 spell: Mephitic Cloud
  2213 | D:2      | Reached XP level 4. HP: 25/33 MP: 5/10
  2488 | D:2      | Reached skill level 4 in Spellcasting
  2499 | D:2      | Found a sparkling altar of Nemelex Xobeh.
  2880 | D:2      | Reached skill level 3 in Conjurations
  3198 | D:3      | Reached XP level 5. HP: 38/38 MP: 3/13
  3370 | D:3      | Killed from afar by an orc priest

Vanquished Creatures
  6 adders
  2 worms (D:2)
  3 giant geckos
  3 orcs (D:3)
  3 bats
  5 giant cockroaches
  7 hobgoblins
  4 kobolds
  2 quokkas
  5 giant newts
  9 goblins
  5 jackals
  11 rats
65 creatures vanquished.

Vanquished Creatures (collateral kills)
  A worm (D:2)
1 creature vanquished.

Vanquished Creatures (others)
  5 toadstools (D:1)
5 creatures vanquished.

Grand Total: 71 creatures vanquished
